 Dungeon Crawl Stone Soup version 0.13-a0-2923-g04ac8d1 (webtiles) character file.

767 klaufir the Grave Robber (level 6, 0/32 HPs)
             Began as a Deep Elf Necromancer on Sept 1, 2013.
             Slain by a giant frog (4 damage)
             ... on Level 7 of the Dungeon on Sept 3, 2013.
             The game lasted 00:41:15 (8607 turns).

klaufir the Grave Robber (Deep Elf Necromancer)     Turns: 8607, Time: 00:41:15

HP   0/32        AC  2     Str  5      XL: 6   Next: 77%
MP  20/20        EV 13     Int 22      God:
Gold 310         SH  0     Dex 15      Spells:  4 memorised,  4 levels left

Res.Fire  : . . .   See Invis. : .   (no weapon)
Res.Cold  : . . .   Warding    : .   a - +0 elf robe
Life Prot.: . . .   Conserve   : .   (no shield)
Res.Poison: .       Res.Corr.  : .   (no helmet)
Res.Elec. : .       Clarity    : .   (no cloak)
Sust.Abil.: . .     Spirit.Shd : .   (no gloves)
Res.Mut.  : .       Stasis     : .   (no boots)
Res.Rott. : .       Flight     : .   (no amulet)
Saprovore : . . .                    (no ring)
                                     (no ring)

@: slightly resistant to hostile enchantments, stealthy
A: no striking features
a: no special abilities


You were on level 7 of the Dungeon.
You were not hungry.

You visited 1 branch of the dungeon, and saw 7 of its levels.
You also visited: Sewer.

You collected 290 gold pieces.

Inventory:

Armour
 a - a +0 elven robe (worn)
Magical devices
 A - a wand of slowing (15) {unknown}
 B - a wand of enslavement (14) {unknown}
Comestibles
 g - an apple
 C - 2 bread rations
Scrolls
 c - 2 scrolls of enchant weapon I
 e - 6 scrolls of remove curse {unknown}
 h - a scroll of curse weapon {unknown}
 k - a scroll of noise {unknown}
 l - 4 scrolls of identify {unknown}
 o - 4 scrolls of teleportation
 v - 3 scrolls of recharging {unknown}
 y - a scroll of blinking {unknown}
 z - a scroll of amnesia {unknown}
Potions
 d - 3 potions of curing
 f - 2 potions of heal wounds {unknown}
 i - 2 potions of poison {unknown}
 j - a potion of confusion {unknown}
 n - a potion of might {unknown}
 p - 2 potions of flight
 q - 2 potions of paralysis {unknown}
 r - 2 potions of resistance {unknown}
 t - a potion of brilliance {unknown}
 u - a potion of speed {unknown}
 w - a potion of agility {unknown}
 x - a potion of berserk rage {unknown}
Books
 b - a book of Necromancy

   Spells                             Type                      Level
   *Pain                              Necromancy                   1
   Animate Skeleton                   Necromancy                   1
   Lethal Infusion                    Charms/Necromancy            2
   Vampiric Draining                  Necromancy                   3
   *Regeneration                      Charms/Necromancy            3
   *Animate Dead                      Necromancy                   4
   *Control Undead                    Necromancy                   4
 m - a book of Alchemy

   Spells                             Type                      Level
   Lethal Infusion                    Charms/Necromancy            2
   Sublimation of Blood               Necromancy                   2
   Condensation Shield                Ice                          4
   Alistair's Intoxication            Transmutation/Poison         4
   Petrify                            Transmutation/Earth          4
   Ignite Poison                      Fire/Transmutation           5
 s - a book of the Sky

   Spells                             Type                      Level
   Flight                             Charms/Air                   3
   Airstrike                          Air                          4
   Silence                            Hexes/Air                    5
   Deflect Missiles                   Charms/Air                   6
   Conjure Ball Lightning             Conjuration/Air              7
   Tornado                            Air                          9


   Skills:
 + Level 2.8 Dodging
 + Level 3.3 Stealth
 + Level 5.9 Spellcasting
 + Level 7.8 Necromancy


You had 4 spell levels left.
You knew the following spells:

 Your Spells              Type           Power        Failure   Level  Hunger
a - Pain                  Necr           ####         1%          1    None
b - Animate Dead          Necr           N/A          4%          4    ###....
c - Regeneration          Chrm/Necr      ###.......   8%          3    ##.....
d - Control Undead        Necr           #####.....   4%          4    ###....


Dungeon Overview and Level Annotations

Branches:
Dungeon (7/27)
 Temple: D:4-7          Orc: D:6-11

Altars:

Annotations:
D:6 waldfee's ghost, experienced TrFi


Message History

The crimson imp shouts!
The giant frog croaks.
The giant frog closely misses you. The giant frog hits you.
The crimson imp blinks!
There is an open door here.
The giant frog misses you.
The crimson imp blinks!
The crimson imp hits you. The giant frog hits you. The giant frog hits you!
The crimson imp blinks!
There is an open door here.
Casting: Pain
Confirm with . or Enter, or press ? or * to list all spells.
Aiming: Pain
Press: ? - help, Shift-Dir - straight line, f - giant frog
Aim: a giant frog The giant frog convulses in agony!
The giant frog hits you!
* * * LOW HITPOINT WARNING * * *
The giant frog closely misses you. The giant frog hits you.
* * * LOW HITPOINT WARNING * * *
There is an open door here.
The giant frog hits you.
You die...

#. #. ## # #####+## ####
#.......# #########+### #...
#....5..# #...........####'##
#.......# ###...........##.....
#.......###.'F@<...............
#.......'.5.#...........#).....
#.).....#####...........#......
#.......# #...........##.....
##+###### #...........##.....
##########+###..... ######
###... #.....


You could see a giant frog and a crimson imp.

Vanquished Creatures
  A centaur zombie (D:5)
  An orc priest (D:4)
  3 hounds
  A worker ant (D:4)
  An ogre zombie (D:6)
  Jessica (D:2)
  9 adders
  4 gnolls
  2 worms
  A giant mite (Sewer)
  An adder skeleton (D:5)
  6 giant geckos
  6 oozes
  6 orcs
  16 bats
  8 giant cockroaches
  8 goblins
  9 hobgoblins
  6 kobolds
  4 giant newts
  9 jackals
  A kobold skeleton (D:6)
  8 rats
112 creatures vanquished.

Vanquished Creatures (collateral kills)
  A crimson imp (D:6)
  An adder (D:4)
  2 gnolls
  3 worms (Sewer)
  2 oozes (Sewer)
  3 orcs
  A goblin (D:5)
  A hobgoblin (D:3)
  A bat (Sewer)
  A rat (D:5)
16 creatures vanquished.

Vanquished Creatures (others)
  An adder skeleton (D:3)
  5 bat zombies
  A giant mite zombie (Sewer)
  A kobold (D:1)
  A giant cockroach zombie (D:3)
  A giant gecko skeleton (D:3)
  A giant newt zombie (D:3)
  A human zombie (D:2)
  A jackal zombie (D:4)
  A kobold zombie (D:2)
  2 orc zombies (D:3)
  A rat zombie (D:3)
17 creatures vanquished.

Grand Total: 145 creatures vanquished

Notes
Turn   | Place    | Note
--------------------------------------------------------------
     0 | D:1      | klaufir, the Deep Elf Necromancer, began the quest for the Orb.
     0 | D:1      | Reached XP level 1. HP: 10/10 MP: 4/4
    39 | D:1      | Reached skill level 5 in Necromancy
   489 | D:1      | Reached XP level 2. HP: 13/15 MP: 6/6
  1157 | D:1      | Reached XP level 3. HP: 19/19 MP: 9/9
  1500 | D:2      | Upgraded the game from 0.13-a0-2910-g7a74111 to 0.13-a0-2923-g04ac8d1
  1958 | D:2      | Reached skill level 6 in Necromancy
  2153 | D:2      | Noticed Jessica
  2157 | D:2      | Killed Jessica
  2187 | D:2      | Reached XP level 4. HP: 12/24 MP: 6/13
  2193 | D:2      | Learned a level 4 spell: Animate Dead
  2197 | D:2      | Learned a level 3 spell: Regeneration
  2403 | D:2      | Your ally Jessica died
  2885 | D:3      | Found a glowing drain.
  2900 | Sewer    | Entered a sewer
  3438 | Sewer    | Reached XP level 5. HP: 28/28 MP: 16/16
  5083 | D:3      | Reached skill level 7 in Necromancy
  6958 | D:4      | Reached skill level 5 in Spellcasting
  6958 | D:4      | Reached XP level 6. HP: 18/32 MP: 11/20
  7204 | D:3      | Learned a level 4 spell: Control Undead
  7556 | D:5      | Entered Level 5 of the Dungeon
  8467 | D:6      | Noticed waldfee's ghost (experienced TrFi)
  8607 | D:7      | Slain by a giant frog

Action                   |  1- 3 |  4- 6 || total
-------------------------+-------+-------++-------
Melee: Unarmed           |       |    30 ||    30
 Cast: Pain              |    60 |   167 ||   227
       Animate Dead      |       |    19 ||    19
       Regeneration      |       |     8 ||     8
       Control Undead    |       |    18 ||    18
  Use: Scroll            |       |     6 ||     6
       Potion            |       |     6 ||     6
